 Dungeon Crawl Stone Soup version 0.26.0-10-g1f06aea511 (webtiles) character file.

Game seed: 5546922701092506125

3959 shitwizard the Cleaver (level 10, -2/66 (70) HPs)
             Began as a Demonspawn Chaos Knight on Jan 24, 2021.
             Was a Plaything of Xom.
             Slain by a wight
             ... wielding a +3 mace
              (5 damage)
             ... on level 9 of the Dungeon.
             The game lasted 00:17:52 (6520 turns).

shitwizard the Cleaver (Demonspawn Chaos Knight)    Turns: 6520, Time: 00:17:52

HP:   -2/66 (70)    AC:  8    Str: 13 (14) XL:     10   Next: 2%
MP:   10/10         EV: 16    Int: 17      God:    Xom [...*..]
Gold: 521           SH:  0    Dex: 13      Spells: 9/9 levels left

rFire    . . .     SeeInvis +   a - +0 hand axe (chaos)
rCold    . . .     Faith    .   (no shield)
rNeg     . . .     Spirit   .   b - +2 leather armour
rPois    +         Reflect  .   (helmet restricted)
rElec    .         Harm     .   (no cloak)
rCorr    .         Rampage  .   (no gloves)
Will     .....     Clarity  +   (no boots)
Stlth    +.........             (no amulet)
HPRegen  0.21/turn              g - ring of poison resistance
MPRegen  0.12/turn              j - ring of see invisible

@: hasted, drained, very quick
A: antennae 2, slimy green scales 2, clarity, deterioration 1, powered by pain
2, spiny 1, strong 1
a: Renounce Religion


You were on level 9 of the Dungeon.
You worshipped Xom.
You were a favourite toy of Xom.
You visited 1 branch of the dungeon, and saw 9 of its levels.

You collected 521 gold pieces.

Inventory:

Hand Weapons
 a - a +0 hand axe of chaos (weapon)
 p - a +4 hand axe
 x - a +1 spear of venom
 J - a +1 spectral quarterstaff
Missiles
 q - 159 stones (quivered)
 v - 24 sling bullets
 D - 86 bolts
 F - 5 silver boomerangs
 L - 2 boomerangs
Armour
 b - a +2 leather armour (worn)
 s - a cursed +0 scale mail
 u - a +0 tower shield
 E - a +1 helmet
Magical Staves
 M - an uncursed staff of air {unknown}
Jewellery
 g - a ring of poison resistance (left hand)
 j - a ring of see invisible (right hand)
 K - a +6 ring of dexterity
Wands
 A - a wand of disintegration (6)
 H - a wand of polymorph (9)
 I - a wand of random effects (9)
 N - a wand of acid (8)
 P - a wand of enslavement (6)
Scrolls
 c - a scroll of immolation {unknown}
 d - 4 scrolls of teleportation
 e - 3 scrolls of identify
 f - 7 scrolls of remove curse
 k - a scroll of noise {unknown}
 n - 4 scrolls of magic mapping {unknown}
 w - a scroll of fog {unknown}
 y - a scroll of blinking {unknown}
 B - a scroll of random uselessness {unknown}
 C - 2 scrolls of enchant armour {unknown}
 G - a scroll of enchant weapon {unknown}
Potions
 h - a potion of might
 i - a potion of degeneration
 l - 2 potions of invisibility {unknown}
 m - 2 potions of brilliance
 o - a potion of berserk rage {unknown}
 r - a potion of flight
 z - 2 potions of resistance {unknown}
 O - a potion of lignification {unknown}


   Skills:
 - Level 3.1 Fighting
 - Level 10.5 Axes
 - Level 0.3 Throwing
 - Level 1.7 Armour
 + Level 8.4 Dodging
 - Level 0.4 Evocations


You had 9 spell levels left.
You didn't know any spells.
Your spell library was empty.

Dungeon Overview and Level Annotations

Branches:
Dungeon (9/15)             Temple (0/1) D:6
   Lair: D:8-11         Orc: D:9-12

Altars:
Ashenzari
Dithmenos
Makhleb
Okawaru
Qazlal
Ru
Trog
Xom
Yredelemnul
Zin
The Shining One

Shops:
D:6 *

Annotations:
D:3 2 transporters, Domino's ghost, amateur MiBe
D:8 1 transporter


Innate Abilities, Weirdness & Mutations

You have a pair of antennae on your head.
You are mostly covered in slimy green scales. (AC +3)
You sometimes gain power by taking damage.
You are partially covered in sharp spines.
You possess an exceptional clarity of mind.
Your body sometimes deteriorates upon taking damage.
Your muscles are strong. (Str +2)


Message History

The wight is lightly damaged.
The wight hits you but does no damage.
A wight comes into view. It is wielding a +0 mace.
The wight hits you with a +3 mace!
The wight hits you with a +4 halberd of freezing!
The wight freezes you.
You hit the wight but do no damage.
The wight seems to speed up.
You closely miss the wight. The wight is struck by your spines.
The wight hits you with a +3 mace!
* * * LOW HITPOINT WARNING * * *
Your body deteriorates!
You feel weakened.
You feel drained.
* * * LOW HITPOINT WARNING * * *
Okay, then.
You feel yourself speed up. The wight misses you.
The wight is struck by your spines. The wight hits you with a +3 mace!
* * * LOW HITPOINT WARNING * * *
Xom thinks this is hilarious!
You feel drained.
You die...

#.# #..## #
####...
#<##.....# ###
.##...z.#..#...#
*
*......z>#..#...#
, ....##@z......#
,,
.......)....#.# ,
....####..###.#
,, * , .. ,*
#.......# *, , ,
*,* #......^# * *
* * ,###.......#
* , ,
,...........# , ,
*, ,..#.........#
,, , ***,,
.##.........#


You could see 3 wights.

Vanquished Creatures
  A two-headed ogre (D:9)
  Maurice (D:9)
  Joseph (D:9)
  Grinder (D:3)
  Sigmund (D:4)
  A human (D:6)
  4 orc warriors
  An ice beast (D:6)
  A phantom (D:4)
  5 ogres
  5 bullfrogs
  2 scorpions
  A wight (D:9)
  2 centaur zombies
  A jelly (D:6)
  A bullfrog skeleton (D:4)
  2 hounds
  3 orc priests
  2 orc wizards (D:9)
  Terence (D:3)
  An iguana (D:9)
  2 worker ants
  A killer bee zombie (D:7)
  A hound skeleton (D:5)
  4 gnolls (D:6)
  8 adders
  2 shadow imps
  4 white imps
  An ufetubus (D:6)
  2 adder skeletons
  4 worms
  3 dart slugs
  3 leopard geckos
  26 orcs
  2 ball pythons (D:1)
  3 giant cockroaches
  5 goblins
  4 hobgoblins
  17 jackals
  5 kobolds
  3 quokkas
  9 bats
  7 frilled lizards
  8 rats
162 creatures vanquished.

Vanquished Creatures (others)
  A bullfrog skeleton (D:9)
1 creature vanquished.

Grand Total: 163 creatures vanquished

Notes
Turn   | Place    | Note
-------+----------+-------------------------------------------
     0 | D:1      | shitwizard the Demonspawn Chaos Knight began the quest for
                  | the Orb.
     0 | D:1      | Reached XP level 1. HP: 18/18 MP: 1/1
    24 | D:1      | XOM: silly message
    88 | D:1      | Reached skill level 3 in Axes
   160 | D:1      | XOM: potion effect (haste)
   161 | D:1      | Gained mutation: You have a pair of small antennae on your
                  | head. [demonic ancestry]
   161 | D:1      | Reached XP level 2. HP: 24/24 MP: 2/2
   561 | D:1      | XOM: divination: detect creatures
   690 | D:2      | Gained mutation: You have a pair of antennae on your head.
                  | [demonic ancestry]
   690 | D:2      | Reached XP level 3. HP: 27/29 MP: 3/3
   897 | D:2      | Reached skill level 4 in Axes
   997 | D:2      | Gained mutation: You are partially covered in sharp spines.
                  | [demonic ancestry]
   997 | D:2      | Reached XP level 4. HP: 26/35 MP: 4/4
  1207 | D:2      | Found an iron altar of Okawaru.
  1208 | D:2      | Found a bloodstained altar of Trog.
  1374 | D:2      | XOM: noise
  1641 | D:3      | Noticed Terence
  1657 | D:3      | Killed Terence
  1658 | D:3      | Reached skill level 5 in Axes
  1860 | D:3      | Found a transporter.
  1863 | D:3      | Noticed Domino's ghost (amateur MiBe)
  1929 | D:3      | Found a sacrificial altar of Ru.
  1929 | D:3      | XOM: 7-stop teleportation journey
  1951 | D:3      | Noticed Grinder
  1959 | D:3      | Reached XP level 5. HP: 40/41 MP: 5/5
  1976 | D:3      | Found a transporter.
  2050 | D:3      | Found a glowing golden altar of the Shining One.
  2136 | D:3      | XOM: confuse monster(s)
  2137 | D:3      | XOM: cast spell 'Summon Ice Beast'
  2152 | D:3      | Killed Grinder
  2153 | D:3      | Reached skill level 6 in Axes
  2153 | D:3      | Gained mutation: You are partially covered in slimy green
                  | scales. (AC +2) [demonic ancestry]
  2153 | D:3      | Reached XP level 6. HP: 34/47 MP: 6/6
  2420 | D:4      | XOM: silly message
  2453 | D:4      | XOM: silly message
  2473 | D:4      | Noticed Sigmund
  2476 | D:4      | Killed Sigmund
  2477 | D:4      | Reached skill level 7 in Axes
  2477 | D:4      | Gained mutation: You sometimes gain a little power by
                  | taking damage. [demonic ancestry]
  2477 | D:4      | Reached XP level 7. HP: 36/52 MP: 7/7
  3122 | D:5      | Entered Level 5 of the Dungeon
  3302 | D:5      | Reached skill level 8 in Axes
  3415 | D:5      | XOM: silly message
  3704 | D:5      | Gained mutation: You are mostly covered in slimy green
                  | scales. (AC +3) [demonic ancestry]
  3704 | D:5      | Reached XP level 8. HP: 46/58 MP: 8/8
  3866 | D:5      | Reached skill level 9 in Axes
  4041 | D:6      | Found Poeq's Assorted Antiques.
  4055 | D:6      | XOM: silly message
  4057 | D:6      | XOM: cast spell 'Call Canine Familiar'
  4058 | D:6      | XOM: cast spell 'Leda's Liquefaction'
  4126 | D:6      | Found a runed translucent door.
  4193 | D:6      | XOM: 1-stop teleportation journey
  4460 | D:6      | Found a basalt altar of Yredelemnul.
  4481 | D:6      | Reached skill level 10 in Axes
  4489 | D:6      | XOM: summons 5 hostile demons
  4506 | D:6      | Found a staircase to the Ecumenical Temple.
  4584 | D:6      | XOM: silly message
  4705 | D:6      | XOM: give mutation
  4705 | D:6      | Gained mutation: Your body sometimes deteriorates upon
                  | taking damage. [Xom's mischief]
  4782 | D:6      | Found a glowing golden altar of the Shining One.
  4783 | D:6      | Found a shimmering altar of Xom.
  4852 | D:6      | XOM: 1-stop teleportation journey
  4878 | D:7      | Found a stormy altar of Qazlal.
  4983 | D:7      | Noticed a cyclops
  4993 | D:8      | Reached skill level 1 in Dodging
  5003 | D:8      | Found a transporter.
  5005 | D:8      | Noticed a fire crab
  5034 | D:8      | Found a shadowy altar of Dithmenos.
  5050 | D:8      | Found a broken altar of Ashenzari.
  5053 | D:8      | XOM: repel stairs
  5180 | D:9      | HP: 2/58 [ogre/+0 giant spiked club (27)]
  5185 | D:9      | Reached XP level 9. HP: 3/63 MP: 9/9
  5555 | D:9      | XOM: summons 1 hostile shadow creature
  5587 | D:9      | XOM: confuse monster(s)
  5629 | D:9      | Noticed Joseph
  5635 | D:9      | XOM: cleaving
  5639 | D:9      | Killed Joseph
  5640 | D:9      | Reached skill level 5 in Dodging
  5862 | D:9      | Found a burning altar of Makhleb.
  5862 | D:9      | Noticed a green death
  5869 | D:9      | Found a glowing silver altar of Zin.
  5869 | D:9      | Noticed an angel
  5894 | D:9      | XOM: fake destruction
  5901 | D:9      | XOM: enchant monster (good)
  6052 | D:9      | Noticed a two-headed ogre
  6060 | D:9      | Killed a two-headed ogre
  6212 | D:9      | XOM: give mutations
  6212 | D:9      | Gained mutation: You possess an exceptional clarity of
                  | mind. [Xom's grace]
  6212 | D:9      | Gained mutation: Your muscles are strong. (Str +2) [Xom's
                  | grace]
  6280 | D:9      | XOM: smoke on damage
  6282 | D:9      | XOM: confuse monster(s)
  6292 | D:9      | XOM: divination: magic mapping
  6369 | D:9      | Noticed Maurice
  6391 | D:9      | Killed Maurice
  6392 | D:9      | Gained mutation: You sometimes gain power by taking damage.
                  | [demonic ancestry]
  6392 | D:9      | Reached XP level 10. HP: 50/70 MP: 10/10
  6393 | D:9      | XOM: confuse monster(s)
  6520 | D:9      | HP: 3/68 [wight/+3 mace (12)]
  6520 | D:9      | Slain by a wight

Illustrated notes

Levels and vault maps discovered:
D:1:      tarquinn_simple_flora_water_b, layout_rooms
D:2:      layout_basic, chequers_temple_overflow_statue_of_worship,
          minmay_misc_feat_four_crosses
D:3:      layout_rooms, nicolae_ru_path_of_blood, gammafunk_ghost_stat_death,
          tso_altar, uniq_grinder, uniq_terence
D:4:      layout_basic, uniq_sigmund
D:5:      lemuel_ice_spiral_2, layout_rooms
D:6:      layout_basic, gammafunk_temple_overflow_statue,
          minmay_temple_entry_waves, serial_shops, shop, dk_yredelemnul_ordeal
D:7:      layout_basic, old_standard_altar, lemuel_altar_in_water
D:8:      cheibrodos_quashed, layout_cave_pools, ashenzari_altar_1,
          nicolae_dithmenos_through_a_glass_darkly,
          gammafunk_temple_overflow_arena
D:9:      layout_cave_pools, grunt_temple_overflow_order_and_chaos_2,
          uniq_pikel, uniq_joseph, uniq_maurice

Skill      XL: |  1  2  3  4  5  6  7  8  9 |
---------------+----------------------------+-----
Axes           | 3 4 5 6 7 8 10 | 10.5
Dodging        | 3 8 |  8.4
Fighting       | |  3.1
Throwing       | |  0.3
Armour         | |  1.7
Evocations     | |  0.4

Action                   |  1- 3 |  4- 6 |  7- 9 | 10-12 || total
-------------------------+-------+-------+-------+-------++-------
Melee: Hand axe          |    80 |    83 |   280 |     8 ||   451
Throw: Stone             |       |       |    10 |       ||    10
Evoke: Wand              |       |     3 |    14 |       ||    17
  Use: Scroll            |       |     4 |     4 |       ||     8
       Potion            |       |       |     4 |     1 ||     5
 Stab: Petrified         |       |     5 |       |       ||     5
       Confused          |       |     2 |     2 |     1 ||     5
       Paralysed         |       |       |     2 |       ||     2
       Sleeping          |       |       |     2 |       ||     2
       Petrifying        |       |       |     3 |       ||     3
Armor: Leather armour    |    36 |    21 |    78 |     1 ||   136
Dodge: Dodged            |    54 |    35 |   168 |     4 ||   261
